 Dungeon Crawl Stone Soup version 0.25.1-2-g60ff931df9 (webtiles) character file.

Game seed: 13477078274221596043

3675 Exodus22XD the Archer (level 9, 0/75 HPs)
             Began as a Centaur Hunter on Nov 7, 2020.
             Was a Believer of Okawaru.
             Slain by Prince Ribbit (4 damage)
             ... on level 9 of the Dungeon.
             The game lasted 00:15:07 (11498 turns).

Exodus22XD the Archer (Centaur Hunter)             Turns: 11498, Time: 00:15:08

Health: 0/75       AC: 12    Str: 17    XL:     9   Next: 89%
Magic:  9/9        EV:  9    Int: 12    God:    Okawaru [**....]
Gold:   416        SH:  0    Dex:  9    Spells: 8/8 levels left

rFire    . . .     SeeInvis +   h - +0 dagger (elec)
rCold    . . .     Gourm    .   (no shield)
rNeg     . . .     Faith    .   n - +0 scale mail
rPois    .         Spirit   .   y - +2 helmet
rElec    .         Reflect  .   e - +0 cloak
rCorr    .         Harm     .   (no gloves)
MR       .....                  (no barding)
Stlth    ..........             N - amulet of the acrobat
HPRegen  0.22/turn              x - ring of see invisible
MPRegen  0.11/turn              Q - ring of flight

@: flying, very quick
A: large, hooves 3, clever 1, deformed body, speed 2, tough skin 3, weak 1
a: Heroism, Renounce Religion


You were on level 9 of the Dungeon.
You worshipped Okawaru.
Okawaru was pleased with you.
You were hungry.

You visited 2 branches of the dungeon, and saw 10 of its levels.
You also visited: Ossuary.

You collected 416 gold pieces.

Inventory:

Hand Weapons
 a - a +1 shortbow
 b - a +0 short sword
 h - a +0 dagger of electrocution (weapon)
Missiles
 d - 142 arrows
Armour
 e - a +0 cloak (worn)
 n - a +0 scale mail (worn)
 y - a +2 helmet (worn)
Jewellery
 i - an uncursed ring of ice
 o - an uncursed ring of poison resistance
 x - a ring of see invisible (left hand)
 H - an uncursed ring of magical power
 J - an uncursed ring of fire
 N - an amulet of the acrobat (around neck)
 Q - a ring of flight (right hand)
 R - a cursed ring of ice
Wands
 F - a wand of digging (4)
 G - a wand of polymorph (10)
 L - a wand of random effects (22)
Scrolls
 g - 5 scrolls of teleportation {unknown}
 j - 2 scrolls of noise {unknown}
 l - 2 scrolls of enchant weapon {unknown}
 p - 11 scrolls of identify {unknown}
 q - 6 scrolls of remove curse
 r - 3 scrolls of fog {unknown}
 u - 2 scrolls of random uselessness {unknown}
 v - 2 scrolls of holy word {unknown}
 w - 2 scrolls of magic mapping {unknown}
 C - 2 scrolls of blinking {unknown}
 M - a scroll of amnesia {unknown}
Potions
 c - 3 potions of flight
 k - 2 potions of stabbing
 m - a potion of ambrosia
 s - 3 potions of might {unknown}
 t - 6 potions of curing
 z - a potion of lignification {unknown}
 A - a potion of haste {unknown}
 B - a potion of resistance {unknown}
 D - a potion of mutation
 E - a potion of magic {unknown}
 I - a potion of invisibility {unknown}
 K - a potion of brilliance {unknown}
 P - a potion of berserk rage {unknown}
Comestibles
 f - 24 rations


   Skills:
 + Level 6.0 Fighting
 * Level 11.1 Bows
 + Level 6.8 Armour
 + Level 4.5 Dodging
 - Level 0.4 Stealth


You had 8 spell levels left.
You didn't know any spells.
Your spell library contained the following spells:

 Spells                   Type           Power        Failure   Level  Hunger
 Beastly Appendage        Tmut           #.....       69%         1    ##.....
 Sticks to Snakes         Tmut           #.......     83%         2    ###....
 Spider Form              Tmut/Pois      #.........   96%         3    ####...
 Ice Form                 Ice/Tmut       #.......     100%        4    #####..
 Blade Hands              Tmut           #.........   100%        5    ######.


Dungeon Overview and Level Annotations

Branches:
Dungeon (9/15)             Temple (1/1) D:7         Ossuary (visited)
   Lair: D:8-11         Orc: D:9-12

Altars:
Ashenzari
Cheibriados
Dithmenos
Elyvilon
Fedhas
Gozag
Hepliaklqana
Kikubaaqudgha
Makhleb
Nemelex Xobeh
Okawaru
Qazlal
Ru
Sif Muna
Trog
Uskayaw
Vehumet
Wu Jian
Xom
Yredelemnul
Zin
The Shining One

Shops:
D:7 (

Annotations:
D:9 Prince Ribbit


Innate Abilities, Weirdness & Mutations

You have hooves in place of feet.
Armour fits poorly on your strangely shaped body.
You cover ground very quickly.
You have extremely tough skin. (AC +3)
Your mind is acute. (Int +2)
You are weak. (Str -2)


Message History

The leopard gecko bites you but does no damage.
Your scale mail prevents you from hitting the leopard gecko.
Your kick misses the leopard gecko.
The leopard gecko is severely wounded.
Prince Ribbit blinks!
The leopard gecko closely misses you.
You hit the leopard gecko but do no damage.
Your kick misses the leopard gecko.
The leopard gecko is severely wounded.
The leopard gecko barely misses you.
You hit the leopard gecko.
You kill the leopard gecko!
Okawaru accepts your kill.
You hit Prince Ribbit. Your kick misses Prince Ribbit.
Prince Ribbit is moderately wounded.
Prince Ribbit hits you!
* * * LOW HITPOINT WARNING * * *
It was a potion of mutation.
You feel extremely strange.
You feel weaker.
You feel clever. Prince Ribbit hits you.
You die...

# .##
#.#
#.#
#.#
#@#
#F##
#.<#
#..#
#..#
#..#
...#
....#
..###


You could see Prince Ribbit.

Vanquished Creatures
  Joseph (D:7)
  A troll (D:8)
  A hippogriff (D:7)
  Menkaure (D:5)
  An orc warrior (D:8)
  2 necrophages
  An ice beast (D:6)
  5 ogres
  4 centaurs
  2 bullfrogs
  11 scorpions
  2 bullfrog zombies
  2 human zombies (Ossuary)
  A quasit (D:5)
  3 hounds
  A gnoll shaman (D:6)
  A jelly (D:6)
  6 orc wizards
  Jessica (D:2)
  Ijyb (D:5)
  A worker ant (D:6)
  4 big kobold zombies (Ossuary)
  3 mummies (Ossuary)
  A worker ant zombie (D:6)
  Robin (D:3)
  6 gnolls
  12 adders
  A howler monkey skeleton (D:5)
  3 scorpion zombies (Ossuary)
  2 shadow imps
  2 adder skeletons
  8 worms
  3 dart slugs
  4 leopard geckos
  26 orcs
  8 giant cockroaches
  A gnoll zombie (Ossuary)
  14 goblins
  17 hobgoblins
  2 jackals (D:1)
  5 bats
  8 frilled lizards
  A goblin zombie (Ossuary)
  4 hobgoblin zombies (Ossuary)
  A jackal skeleton (D:6)
  8 kobolds
  A kobold zombie (Ossuary)
  2 orc zombies (Ossuary)
  A quokka zombie (D:6)
  7 rats
205 creatures vanquished.

Vanquished Creatures (others)
  3 scorpions (Ossuary)
  A centaur zombie (Ossuary)
  An orc zombie (Ossuary)
5 creatures vanquished.

Grand Total: 210 creatures vanquished

Notes
Turn   | Place    | Note
-------+----------+-------------------------------------------
     0 | D:1      | Exodus22XD the Centaur Hunter began the quest for the Orb.
     0 | D:1      | Reached XP level 1. HP: 17/17 MP: 1/1
   458 | D:1      | Reached XP level 2. HP: 17/24 MP: 2/2
   566 | D:1      | Reached skill level 6 in Bows
  1225 | D:1      | Reached XP level 3. HP: 25/29 MP: 3/3
  1726 | D:2      | Reached skill level 1 in Armour
  1957 | D:2      | Reached XP level 4. HP: 9/36 MP: 4/4
  2581 | D:2      | Noticed Jessica
  2588 | D:2      | Killed Jessica
  2588 | D:2      | Reached XP level 5. HP: 42/42 MP: 5/5
  3587 | D:3      | Noticed Robin
  3602 | D:3      | Killed Robin
  4102 | D:3      | Found a glowing silver altar of Zin.
  4110 | D:3      | Found a snail-covered altar of Cheibriados.
  4110 | D:3      | Found a shadowy altar of Dithmenos.
  4111 | D:3      | Found a sparkling altar of Nemelex Xobeh.
  4187 | D:3      | Reached XP level 6. HP: 26/50 MP: 6/6
  4205 | D:4      | Reached skill level 7 in Bows
  4250 | D:4      | Found a shattered altar of Ashenzari.
  4464 | D:4      | Reached XP level 7. HP: 34/57 MP: 7/7
  4528 | D:4      | Found a sand-covered staircase.
  4536 | Ossuary  | Entered an ossuary
  5307 | Ossuary  | Reached skill level 8 in Bows
  5329 | Ossuary  | Reached XP level 8. HP: 41/66 MP: 8/8
  6220 | D:5      | Entered Level 5 of the Dungeon
  6442 | D:5      | Reached skill level 5 in Armour
  6689 | D:5      | Noticed Ijyb
  6704 | D:5      | Killed Ijyb
  6785 | D:5      | Noticed Menkaure
  6794 | D:5      | Killed Menkaure
  6958 | D:6      | Found an ornate altar of the Wu Jian Council.
  7087 | D:6      | Reached skill level 9 in Bows
  7396 | D:6      | Reached skill level 5 in Fighting
  7598 | D:6      | Reached XP level 9. HP: 69/74 MP: 9/9
  7871 | D:7      | Found a staircase to the Ecumenical Temple.
  7908 | Temple   | Entered the Ecumenical Temple
  8058 | Temple   | Became a worshipper of Warmaster Okawaru
  8352 | D:7      | Noticed Joseph
  8404 | D:7      | Killed Joseph
  8404 | D:7      | Reached * piety under Okawaru
  8673 | D:7      | Reached skill level 10 in Bows
  9012 | D:7      | Found Viseh's Antique Weapon Boutique.
  9616 | D:8      | Noticed a troll
 10010 | D:8      | Reached ** piety under Okawaru
 10459 | D:8      | Killed a troll
 10856 | D:8      | Reached skill level 11 in Bows
 11192 | D:9      | Noticed a cyclops
 11479 | D:9      | Noticed Prince Ribbit
 11498 | D:9      | Gained mutation: You are weak. (Str -2) [potion of
                  | mutation]
 11498 | D:9      | Gained mutation: Your mind is acute. (Int +2) [potion of
                  | mutation]
 11498 | D:9      | Slain by Prince Ribbit

Illustrated notes

Levels and vault maps discovered:
D:1:      minmay_arrival_semitransparent, layout_loops_ring
D:2:      layout_basic, uniq_jessica
D:3:      layout_rooms, minitemple, first_ration, grunt_ministairs_14,
          solitary_fountain, chequers_mini_garden, uniq_robin
D:4:      layout_cave_pools, chequers_ossuary_entry_cave, ashenzari_altar_1
D:5:      layout_rooms, uniq_menkaure, uniq_ijyb
D:6:      layout_layer_cave, lemuel_round_altar
D:7:      layout_basic, minmay_temple_entry_antechambers, serial_shops, shop,
          grunt_ogre_cave, uniq_joseph
D:8:      layout_loops_corners
D:9:      minmay_the_grid_square_5x5_4x4
          [minmay_the_grid_square_5x5_checkered_statues,
          minmay_the_grid_square_5x5_six,
          minmay_the_grid_square_5x5_three_small,
          minmay_the_grid_square_5x5_bracketed, minmay_the_grid_square_5x5_z,
          minmay_the_grid_square_5x5_prize_waves,
          minmay_the_grid_square_5x5_prize_gold,
          minmay_the_grid_square_5x5_fancy_junction,
          minmay_the_grid_square_5x5_checkered,
          minmay_the_grid_square_5x5_prize_open,
          minmay_the_grid_square_5x5_prize_open,
          minmay_the_grid_square_5x5_beaten_path,
          minmay_the_grid_square_5x5_minibox,
          minmay_the_grid_square_5x5_eight_small,
          minmay_the_grid_square_5x5_seven, minmay_the_grid_square_5x5_spiral],
          layout_layer_cave, uniq_maggie, uniq_prince_ribbit1, uniq_maurice,
          uniq_harold
Temple:   minmay_crystal_spiral_temple

Skill      XL: |  1  2  3  4  5  6  7  8  9 |
---------------+----------------------------+-----
Bows           | 6 7 8 9 11 | 11.1
Armour         | 1 2 3 4 5 6 |  6.8
Dodging        | 2 3 4 |  4.5
Fighting       | 3 5 6 |  6.0
Stealth        | |  0.4

Action                   |  1- 3 |  4- 6 |  7- 9 || total
-------------------------+-------+-------+-------++-------
Melee: Short sword       |    55 |       |       ||    55
       Kick              |    22 |    42 |   116 ||   180
       Dagger            |    75 |   251 |   484 ||   810
 Fire: Shortbow          |       |     5 |    69 ||    74
Invok: Heroism           |       |       |     1 ||     1
  Use: Potion            |       |     2 |     4 ||     6
       Scroll            |       |       |     1 ||     1
  Eat: Chunk             |     3 |     7 |    15 ||    25
       Ration            |       |       |     1 ||     1
Armor: Leather armour    |    43 |       |       ||    43
       Scale mail        |       |   139 |   279 ||   418
Dodge: Dodged            |    48 |    93 |   251 ||   392
